 Dungeon Crawl Stone Soup version 0.29.0-4-gdea44cf6ec (webtiles) character file.

Game seed: 1493307391244466589

5338 qw the Grappler (level 10, -2/96 HPs)
             Began as a Troll Cinder Acolyte on Sept 3, 2022.
             Was an Elder of Ignis.
             Slain by a two-headed ogre
             ... wielding a +0 giant club
              (18 damage)
             ... on level 9 of the Dungeon.
             The game lasted 00:03:26 (7395 turns).

qw the Grappler (Troll Cinder Acolyte)              Turns: 7395, Time: 00:03:26

Health: -2/96      AC: 21    Str: 28    XL:     10   Next: 38%
Magic:  10/10      EV:  8    Int: 10    God:    Ignis [****..]
Gold:   748        SH:  0    Dex:  5    Spells: 11/11 levels left

rFire   + . .      SeeInvis .     - Unarmed
rCold   . . .      Faith    .   (no shield)
rNeg    . . .      Spirit   .   d - +1 swamp dragon scales
rPois   +          Reflect  .   (helmet restricted)
rElec   .          Harm     .   (no cloak)
rCorr   .          Rampage  .   (gloves unavailable)
Will    .....                   (boots unavailable)
Stlth   ..........              (no amulet)
HPRegen 1.06/turn               k - +4 ring of slaying {mikee}
MPRegen 0.12/turn               a - +4 ring of protection

@: about to teleport, fiery-armoured
A: large, unfitting armour, claws 3, regeneration 1, shaggy fur 1, tough skin 1
a: Renounce Religion, Fiery Armour, Foxfire Swarm, Rising Flame


You were on level 9 of the Dungeon.
You worshipped Ignis.
Ignis was greatly pleased with you.
You visited 1 branch of the dungeon, and saw 9 of its levels.

You collected 748 gold pieces.


Innate Abilities, Weirdness & Mutations

You are too large for most types of armour.
You have claws for hands.
Your natural rate of healing is unusually fast.
You are covered in fur. (AC +1)
You have tough skin. (AC +1)


   Skills:
 - Level 5.1 Fighting
 - Level 1.0 Throwing
 - Level 2.7 Armour
 - Level 1.4 Dodging
 + Level 13.9 Unarmed Combat
 - Level 1.0 Spellcasting
 - Level 2.1 Fire Magic


You had 11 spell levels left.
You didn't know any spells.
Your spell library contained the following spells:

 Spells                   Type           Power      Damage    Failure   Level
 Scorch                   Fire           8%         2d5       30%         2

Inventory:

Missiles
 h - 8 boomerangs (quivered)
Armour
 d - +1 swamp dragon scales (worn)
Jewellery
 a - a +4 ring of protection (right claw)
 k - a +4 ring of slaying (left claw) {mikee}
Scrolls
 e - 2 scrolls of identify
 f - a scroll of brand weapon
 g - a scroll of enchant weapon
 o - a scroll of teleportation
Potions
 c - 2 potions of mutation
 p - a potion of haste

Dungeon Overview and Level Annotations

Branches:
Dungeon (9/15)             Temple (0/1) D:6
   Lair: D:8-11         Orc: D:9-12

Altars:
Kikubaaqudgha
Makhleb


Message History

The arrow barely misses you.
You closely miss the hornet. You claw the hornet.
The hornet is heavily wounded.
You feel yourself speed up.
The hornet stings you but does no damage.
The hornet is burned by your cloak of flames.
The hornet is heavily wounded.
The centaur shoots an arrow.
The arrow hits you! The hornet barely misses you.
An orc warrior comes into view. It is wielding a +0 scimitar.
The centaur shoots an arrow.
The arrow hits you.
You scratch the hornet.
The hornet is severely wounded.
The hornet barely misses you.
The centaur shoots an arrow.
The arrow closely misses you.
You barely miss the hornet. Your claw misses the hornet.
The hornet is severely wounded.
The hornet stings you but does no damage.
The hornet is burned by your cloak of flames.
The hornet is severely wounded.
The centaur shoots an arrow.
The arrow hits you!
You closely miss the hornet.
The hornet is severely wounded.
The hornet stings you but does no damage.
The hornet is burned by your cloak of flames.
The hornet is almost dead.
The centaur shoots an arrow.
The arrow hits you!
7393 ||| READING 2 scrolls of teleportation.
As you read the scroll of teleportation, it crumbles to dust.
You feel strangely unstable. The hornet barely misses you.
The centaur shoots an arrow.
The arrow hits you but does no damage. The hornet stings you.
The hornet is burned by your cloak of flames.
You kill the hornet!
The centaur shoots an arrow.
The arrow hits you but does no damage.
You completely miss the two-headed ogre.
The centaur shoots an arrow.
The arrow hits you but does no damage.
You claw the two-headed ogre!
The two-headed ogre is lightly wounded.
The two-headed ogre hits you with a +0 giant club!!
You die...

.# ..# ##
... # ..
#.# .. #.
#.# #.##.
#c#
###..ch##>#
#....ohO@.#
#.######.<#
h######..#
......)?.#
...#####.#
#.# #.# ..#
..#


You could see a two-headed ogre, an orc warrior, 2 centaurs and 2 howler
monkeys.

Vanquished Creatures
  A two-headed ogre (D:9)
  Pikel (D:7)
  Joseph (D:7)
  Maggie (D:8)
  A hornet (D:9)
  Prince Ribbit (D:6)
  Sigmund (D:5)
  A wyvern (D:7)
  A steam dragon (D:7)
  Duvessa (D:6)
  2 orc warriors
  An ice beast (D:7)
  A black bear (D:4)
  A sky beast (D:8)
  4 centaurs
  3 ogres
  A phantom (D:6)
  3 bullfrogs
  A necrophage (D:7)
  A gnoll sergeant (D:8)
  4 scorpions
  3 wights (D:7)
  Dowan (D:6)
  An electric eel (D:6)
  3 howler monkeys (D:8)
  A crimson imp (D:5)
  2 hounds
  4 orc priests
  Jessica (D:3)
  6 iguanas
  5 orc wizards
  4 gnolls (D:8)
  10 adders
  2 shadow imps (D:6)
  6 white imps
  2 ufetubi (D:5)
  3 dart slugs (D:1)
  32 orcs
  3 bats (D:1)
  9 endoplasms
  4 giant cockroaches
  7 goblins
  9 hobgoblins
  5 kobolds
  3 quokkas
  3 ball pythons
  5 frilled lizards
  3 rats
169 creatures vanquished.

Vanquished Creatures (others)
  4 plants (D:3)
4 creatures vanquished.

Grand Total: 173 creatures vanquished

Notes
Turn   | Place    | Note
-------+----------+-------------------------------------------
     0 | D:1      | qw the Troll Cinder Acolyte began the quest for the Orb.
     0 | D:1      | Reached XP level 1. HP: 22/22 MP: 1/1
     0 | D:1      | 0 ||| qw: Version: 0.1-a-102-g441f92d
     0 | D:1      | 0 ||| qw: Game counter: 5251
     0 | D:1      | 0 ||| qw: Always use a shield: true
     0 | D:1      | 0 ||| qw: God list: Okawaru
     0 | D:1      | 0 ||| qw: Allow faded altars: false
     0 | D:1      | 0 ||| qw: Do Orc after D:15 true
     0 | D:1      | 0 ||| qw: Do second Lair branch before Depths: true
     0 | D:1      | 0 ||| qw: Lair rune preference: random
     0 | D:1      | 0 ||| qw: Plans: Normal
     0 | D:1      | 0 ||| PLANNING D:1-11
   122 | D:1      | Reached XP level 2. HP: 25/29 MP: 2/2
   347 | D:1      | Reached skill level 4 in Unarmed Combat
   377 | D:1      | 377 ||| Stepping ~*~*~tactically~*~*~ (stealth).
   448 | D:1      | Reached XP level 3. HP: 36/36 MP: 3/3
   626 | D:1      | 626 ||| READING 3 scrolls labelled ITITHAO LERU.
   627 | D:1      | 627 ||| READING 2 scrolls labelled XABOELUSY.
   628 | D:1      | 628 ||| READING scroll labelled VANOPH KAYGUA.
   647 | D:1      | 647 ||| READING scroll labelled QUXAINL EDUWK.
   648 | D:1      | 648 ||| DRINKING 2 green potions.
   649 | D:1      | 649 ||| DRINKING 3 red potions.
   750 | D:1      | 750 ||| DROPPING 2 scrolls of amnesia.
   751 | D:1      | 751 ||| DROPPING 2 potions of ambrosia.
   779 | D:2      | 779 ||| STAIRDANCE
   896 | D:2      | 896 ||| Stepping ~*~*~tactically~*~*~ (stealth).
   911 | D:2      | Reached XP level 4. HP: 36/44 MP: 4/4
   924 | D:2      | 924 ||| Stepping ~*~*~tactically~*~*~ (stealth).
  1006 | D:2      | Reached skill level 5 in Unarmed Combat
  1388 | D:2      | 1388 ||| UPGRADING to +4 ring of slaying {mikee}.
  1389 | D:2      | 1389 ||| READING 2 scrolls labelled KUUQUA GAELATS.
  1390 | D:2      | 1390 ||| READING scroll labelled XUSIYJ BASHODY.
  1438 | D:3      | 1438 ||| Stepping ~*~*~tactically~*~*~ (stealth).
  1440 | D:3      | 1440 ||| Stepping ~*~*~tactically~*~*~ (hiding).
  1455 | D:3      | Reached XP level 5. HP: 38/50 MP: 5/5
  1656 | D:3      | 1656 ||| Stepping ~*~*~tactically~*~*~ (stealth).
  1658 | D:3      | 1658 ||| Stepping ~*~*~tactically~*~*~ (stealth).
  1661 | D:3      | 1661 ||| Stepping ~*~*~tactically~*~*~ (outnumbered).
  1662 | D:3      | 1662 ||| Stepping ~*~*~tactically~*~*~ (outnumbered).
  1663 | D:3      | 1663 ||| Stepping ~*~*~tactically~*~*~ (outnumbered).
  1664 | D:3      | 1664 ||| Stepping ~*~*~tactically~*~*~ (outnumbered).
  1665 | D:3      | 1665 ||| Stepping ~*~*~tactically~*~*~ (outnumbered).
  1666 | D:3      | 1666 ||| Stepping ~*~*~tactically~*~*~ (outnumbered).
  1667 | D:3      | 1667 ||| Stepping ~*~*~tactically~*~*~ (outnumbered).
  1671 | D:3      | 1671 ||| Stepping ~*~*~tactically~*~*~ (outnumbered).
  1673 | D:3      | 1673 ||| Stepping ~*~*~tactically~*~*~ (outnumbered).
  1720 | D:3      | Reached skill level 6 in Unarmed Combat
  2208 | D:3      | Noticed Jessica
  2213 | D:3      | Killed Jessica
  2264 | D:3      | 2264 ||| UPGRADING to +2 robe of cold resistance.
  2274 | D:3      | 2274 ||| DROPPING +0 robe.
  2275 | D:3      | 2275 ||| READING 2 scrolls labelled ACADIOL WAAQOIGUNE.
  2276 | D:3      | 2276 ||| READING scroll labelled XIKOUDIUGIH.
  2277 | D:3      | 2277 ||| READING scroll labelled DAAM LIACIGIAR.
  2278 | D:3      | 2278 ||| READING 2 scrolls of identify.
  2278 | D:3      | 2278 ||| IDENTIFYING smoky amethyst potion
  2279 | D:3      | 2279 ||| DROPPING potion of magic.
  2343 | D:4      | Reached XP level 6. HP: 59/59 MP: 6/6
  2465 | D:4      | Reached skill level 7 in Unarmed Combat
  2723 | D:4      | 2723 ||| Stepping ~*~*~tactically~*~*~ (stealth).
  2725 | D:4      | 2725 ||| Stepping ~*~*~tactically~*~*~ (stealth).
  2836 | D:4      | Found an ancient bone altar of Kikubaaqudgha.
  3095 | D:4      | 3095 ||| READING scroll labelled HALUUD XEERAI.
  3096 | D:4      | 3096 ||| READING scroll labelled LIZURCHU YTOSO.
  3097 | D:4      | 3097 ||| DRINKING 2 purple potions.
  3098 | D:4      | 3098 ||| DRINKING 3 lumpy ruby potions.
  3099 | D:4      | 3099 ||| READING 3 scrolls of identify.
  3099 | D:4      | 3099 ||| IDENTIFYING golden potion
  3100 | D:4      | 3100 ||| READING 2 scrolls of identify.
  3100 | D:4      | 3100 ||| IDENTIFYING fuming purple potion
  3101 | D:4      | 3101 ||| DROPPING potion of attraction.
  3102 | D:4      | 3102 ||| DROPPING potion of berserk rage.
  3114 | D:5      | Entered Level 5 of the Dungeon
  3161 | D:5      | 3161 ||| Stepping ~*~*~tactically~*~*~ (stealth).
  3168 | D:5      | 3168 ||| Stepping ~*~*~tactically~*~*~ (stealth).
  3170 | D:5      | 3170 ||| Stepping ~*~*~tactically~*~*~ (stealth).
  3176 | D:5      | 3176 ||| Stepping ~*~*~tactically~*~*~ (stealth).
  3207 | D:5      | Reached skill level 8 in Unarmed Combat
  3207 | D:5      | Reached XP level 7. HP: 66/66 MP: 7/7
  3307 | D:5      | 3307 ||| Stepping ~*~*~tactically~*~*~ (hiding).
  3311 | D:5      | Reached skill level 3 in Fighting
  3552 | D:5      | 3552 ||| DRINKING 2 potions of curing.
  3552 | D:5      | 3552 ||| (to cure confusion)
  3553 | D:5      | Identified the +1 ring mail of Ignis's Fury {Will+}
  3560 | D:5      | 3560 ||| Stepping ~*~*~tactically~*~*~ (outnumbered).
  3561 | D:5      | 3561 ||| Stepping ~*~*~tactically~*~*~ (outnumbered).
  3562 | D:5      | 3562 ||| Stepping ~*~*~tactically~*~*~ (outnumbered).
  3563 | D:5      | 3563 ||| Stepping ~*~*~tactically~*~*~ (outnumbered).
  3565 | D:5      | 3565 ||| Stepping ~*~*~tactically~*~*~ (outnumbered).
  3578 | D:5      | 3578 ||| FLEEEEING.
  3678 | D:5      | Noticed Sigmund
  3679 | D:5      | 3679 ||| Stepping ~*~*~tactically~*~*~ (hiding).
  3688 | D:5      | Killed Sigmund
  3689 | D:5      | Reached skill level 9 in Unarmed Combat
  3689 | D:5      | Reached XP level 8. HP: 72/75 MP: 8/8
  3857 | D:5      | 3857 ||| Stepping ~*~*~tactically~*~*~ (hiding).
  3862 | D:5      | Reached skill level 1 in Throwing
  4062 | D:5      | 4062 ||| UPGRADING to +4 ring of protection.
  4063 | D:5      | 4063 ||| DRINKING 2 dark potions.
  4064 | D:5      | 4064 ||| DROPPING potion of flight.
  4208 | D:6      | Reached skill level 1 in Dodging
  4208 | D:6      | Found a staircase to the Ecumenical Temple.
  4257 | D:6      | 4257 ||| INVOKING Fiery Armour.
  4262 | D:6      | HP: 17/75 [electric eel/bolt of electricity (10)]
  4263 | D:6      | 4263 ||| READING 2 scrolls of teleportation.
  4264 | D:6      | 4264 ||| DRINKING 2 potions of heal wounds.
  4342 | D:6      | Identified the +8 dagger "Wuhidah" {vorpal, Str+3}
  4428 | D:6      | Noticed Dowan
  4430 | D:6      | Noticed Duvessa
  4431 | D:6      | 4431 ||| INVOKING Fiery Armour.
  4436 | D:6      | 4436 ||| Stepping ~*~*~tactically~*~*~ (outnumbered).
  4437 | D:6      | 4437 ||| Stepping ~*~*~tactically~*~*~ (outnumbered).
  4438 | D:6      | 4438 ||| Stepping ~*~*~tactically~*~*~ (outnumbered).
  4439 | D:6      | Killed Dowan
  4444 | D:6      | Killed Duvessa
  4445 | D:6      | Reached skill level 10 in Unarmed Combat
  4817 | D:6      | Noticed Prince Ribbit
  4823 | D:6      | Killed Prince Ribbit
  4835 | D:6      | Found a burning altar of Makhleb.
  4836 | D:6      | 4836 ||| Stepping ~*~*~tactically~*~*~ (hiding).
  4847 | D:6      | Reached skill level 11 in Unarmed Combat
  4847 | D:6      | Reached XP level 9. HP: 71/85 MP: 9/9
  4891 | D:6      | 4891 ||| DROPPING ring of willpower.
  4892 | D:6      | 4892 ||| READING 2 scrolls of identify.
  4892 | D:6      | 4892 ||| IDENTIFYING glowing white potion
  4893 | D:6      | 4893 ||| DROPPING potion of lignification.
  5125 | D:7      | Noticed Joseph
  5126 | D:7      | 5126 ||| Stepping ~*~*~tactically~*~*~ (hiding).
  5136 | D:7      | 5136 ||| INVOKING Fiery Armour.
  5138 | D:7      | Killed Joseph
  5198 | D:7      | Reached skill level 12 in Unarmed Combat
  5529 | D:7      | 5529 ||| Stepping ~*~*~tactically~*~*~ (hiding).
  5609 | D:7      | 5609 ||| Stepping ~*~*~tactically~*~*~ (hiding).
  5945 | D:7      | 5945 ||| READING 4 scrolls of identify.
  5945 | D:7      | 5945 ||| IDENTIFYING murky orange potion
  5946 | D:7      | 5946 ||| READING 3 scrolls of identify.
  5946 | D:7      | 5946 ||| IDENTIFYING ruby potion
  5947 | D:7      | 5947 ||| DROPPING potion of invisibility.
  6090 | D:8      | Noticed Pikel
  6095 | D:8      | 6095 ||| Stepping ~*~*~tactically~*~*~ (outnumbered).
  6096 | D:8      | 6096 ||| STAIRDANCE
  6098 | D:7      | 6098 ||| Stepping ~*~*~tactically~*~*~ (outnumbered).
  6102 | D:7      | Killed Pikel
  6103 | D:7      | Reached skill level 13 in Unarmed Combat
  6272 | D:8      | Noticed Maggie
  6274 | D:8      | 6274 ||| Stepping ~*~*~tactically~*~*~ (hiding).
  6281 | D:8      | Killed Maggie
  6282 | D:8      | Reached XP level 10. HP: 53/96 MP: 10/10
  6408 | D:8      | 6408 ||| Stepping ~*~*~tactically~*~*~ (stealth).
  6409 | D:8      | 6409 ||| Stepping ~*~*~tactically~*~*~ (stealth).
  6412 | D:8      | 6412 ||| Stepping ~*~*~tactically~*~*~ (stealth).
  6413 | D:8      | 6413 ||| Stepping ~*~*~tactically~*~*~ (stealth).
  6414 | D:8      | 6414 ||| Stepping ~*~*~tactically~*~*~ (hiding).
  6439 | D:8      | 6439 ||| Stepping ~*~*~tactically~*~*~ (hiding).
  6449 | D:8      | 6449 ||| Stepping ~*~*~tactically~*~*~ (outnumbered).
  6450 | D:8      | 6450 ||| Stepping ~*~*~tactically~*~*~ (hiding).
  6456 | D:8      | 6456 ||| Stepping ~*~*~tactically~*~*~ (outnumbered).
  6457 | D:8      | 6457 ||| INVOKING Fiery Armour.
  6460 | D:8      | HP: 22/94 [gnoll/+2 spear of venom[a gnoll sergeant] (2)]
  6461 | D:8      | 6461 ||| READING 3 scrolls of teleportation.
  6461 | D:8      | HP: 10/94 [gnoll sergeant/+0 spear (1)]
  6462 | D:8      | 6462 ||| DRINKING potion of heal wounds.
  6464 | D:8      | 6464 ||| DRINKING potion of curing.
  6464 | D:8      | 6464 ||| (to cure poison)
  6753 | D:8      | Identified the +1 pair of boots of the Heron {Harm rElec
                  | rN++ Dex-2}
  6882 | D:8      | 6882 ||| Stepping ~*~*~tactically~*~*~ (hiding).
  7189 | D:8      | 7189 ||| UPGRADING to +0 swamp dragon scales.
  7199 | D:8      | 7199 ||| DROPPING +2 robe of cold resistance.
  7200 | D:8      | 7200 ||| READING scroll of enchant armour.
  7200 | D:8      | 7200 ||| ENCHANTING +0 swamp dragon scales.
  7201 | D:8      | 7201 ||| READING scroll labelled DUF HIUCROA.
  7326 | D:9      | Noticed a two-headed ogre
  7330 | D:9      | 7330 ||| Stepping ~*~*~tactically~*~*~ (stealth).
  7333 | D:9      | Killed a two-headed ogre
  7334 | D:9      | 7334 ||| FLEEEEING.
  7335 | D:9      | 7335 ||| STAIRDANCE
  7360 | D:9      | 7360 ||| STAIRDANCE
  7367 | D:9      | 7367 ||| STAIRDANCE
  7373 | D:9      | Noticed a two-headed ogre
  7374 | D:9      | 7374 ||| STAIRDANCE
  7384 | D:9      | 7384 ||| Stepping ~*~*~tactically~*~*~ (hiding).
  7386 | D:9      | 7386 ||| Stepping ~*~*~tactically~*~*~ (outnumbered).
  7387 | D:9      | 7387 ||| INVOKING Fiery Armour.
  7387 | D:9      | Paralysed by a hornet for 1 turns
  7392 | D:9      | HP: 15/96 [centaur/arrow (13)]
  7393 | D:9      | 7393 ||| READING 2 scrolls of teleportation.
  7395 | D:9      | Slain by a two-headed ogre

Levels and vault maps discovered:
D:1:      roderic_crossed_star, layout_loops_ring
D:2:      layout_rooms, serial_rivers, chequers_serial_rivers_small_b,
          chequers_serial_rivers_small_a, chequers_serial_rivers_micro_d,
          chequers_serial_rivers_small_b, chequers_serial_rivers_micro_d,
          chequers_serial_rivers_micro_a, minmay_split_cup_large
D:3:      layout_basic, serial_forest, infiniplex_forest_clump_large,
          infiniplex_forest_clump_medium, infiniplex_forest_clump_long,
          infiniplex_forest_fountain, infiniplex_forest_lined_2,
          infiniplex_forest_lined_2, uniq_jessica
D:4:      layout_basic, kennysheep_mini, serial_corexii_hall,
          corexii_hall_statues_l, corexii_hall_statues_i
D:5:      layout_basic, grunt_ministairs_3, chequers_serial_rivers_micro_a,
          minmay_fire_ice_demons, uniq_sigmund
D:6:      cheibrodos_helix_gallery, layout_basic, minmay_temple_entry_statues,
          minmay_ruined_shrine, uniq_duvessa, uniq_prince_ribbit1
D:7:      layout_loops_corners, kennysheep_generic_room_5, uniq_joseph
D:8:      layout_layer_cave, minmay_curled_crystal, minivault_27,
          grunt_decor_one_mirror, uniq_pikel, uniq_maggie
D:9:      layout_rooms, zombieorc1_lemuel

Skill      XL: |  1  2  3  4  5  6  7  8  9 10 |
---------------+-------------------------------+-----
Unarmed Combat | 4 5 6 8 9 11 13 | 13.9
Fighting       | 3 4 5 |  5.1
Throwing       | 1 |  1.0
Dodging        | 1 |  1.4
Armour         | 2 |  2.7
Spellcasting   | |  1.0
Fire Magic     | |  2.1

Action                   |  1- 3 |  4- 6 |  7- 9 | 10-12 || total
-------------------------+-------+-------+-------+-------++-------
Melee: Unarmed           |    88 |   104 |   156 |    47 ||   395
       Punch             |       |     3 |     9 |     4 ||    16
Throw: Boomerang         |    24 |    65 |    33 |    10 ||   132
Invok: Fiery Armour      |       |       |     3 |     2 ||     5
  Use: Scroll            |     4 |    10 |     4 |     4 ||    22
       Potion            |     2 |     2 |     3 |     2 ||     9
Armor: Robe              |    32 |    23 |    58 |    26 ||   139
       Swamp dragon scal |       |       |       |    18 ||    18
Dodge: Dodged            |    41 |    29 |    54 |    22 ||   146

Table legend:
 A = Non-vault XP
 B = Vault XP
 C = Vault XP percentage of total XP
 D = Non-vault monster count
 E = Vault monster count
 F = Vault count percentage of total count
                 A         B        C        D         E       F
            +---------+---------+-------+---------+---------+-------
      Total |    4310 |    3317 |  43.5 |     140 |      29 |  17.2
            +---------+---------+-------+---------+---------+-------
        D:1 |      51 |       0 |   0.0 |      26 |       0 |   0.0
        D:2 |      64 |       7 |   9.9 |      11 |       4 |  26.7
        D:3 |     128 |      37 |  22.4 |      20 |       1 |   4.8
        D:4 |     375 |       0 |   0.0 |      18 |       0 |   0.0
        D:5 |     541 |     302 |  35.8 |      20 |       5 |  20.0
        D:6 |     415 |    1143 |  73.4 |       8 |      13 |  61.9
        D:7 |     761 |    1419 |  65.1 |      14 |       5 |  26.3
        D:8 |     861 |     409 |  32.2 |      21 |       1 |   4.5
        D:9 |    1114 |       0 |   0.0 |       2 |       0 |   0.0
            +---------+---------+-------+---------+---------+-------
